 Dungeon Crawl Stone Soup version 0.29-a0-474-gdfe5cd140f (webtiles) character file.

Game seed: 11816620658085637252

450 Linklo the Chopper (level 6, -16/84 HPs)
             Began as a Minotaur Berserker on May 23, 2022.
             Was a Priest of Trog.
             Killed by an exploding gnoll sergeant (17 damage)
             ... ignited by their inner flame
             ... on level 5 of the Dungeon.
             The game lasted 00:22:25 (3382 turns).

Linklo the Chopper (Minotaur Berserker)             Turns: 3382, Time: 00:22:26

Health: -16/84     AC: 23    Str: 23    XL:     6   Next: 74%
Magic:  0/5        EV:  2    Int:  4    God:    Trog [***...]
Gold:   195        SH:  0    Dex: 12    Spells: 5/5 levels left

rFire   . . .      SeeInvis .   a - +0 hand axe
rCold   . . .      Faith    .   (no shield)
rNeg    . . .      Spirit   +   (body armour currently unavailable)
rPois   +          Reflect  .   (helmet currently unavailable)
rElec   .          Harm     .   (cloak currently unavailable)
rCorr   .          Rampage  .   (gloves currently unavailable)
Will    .....      NoTele   +   (boots currently unavailable)
Stlth   +.........              g - amulet of guardian spirit
HPRegen 0.24/turn               c - +4 ring of evasion
MPRegen 0.09/turn               m - ring of poison resistance

@: brilliant, tree-form (expiring), attractive, invisible
A: stationary, stasis, torment immunity, boosted hp, (horns 2), (retaliatory
headbutt), agile 1
a: Renounce Religion, Berserk, Trog's Hand


You were on level 5 of the Dungeon.
You worshipped Trog.
Trog was most pleased with you.
You were a tree.
You visited 1 branch of the dungeon, and saw 5 of its levels.

You collected 195 gold pieces.

Inventory:

Hand Weapons
 a - a +0 hand axe (weapon)
 u - a +0 giant spiked club
Missiles
 w - 2 boomerangs (quivered)
Armour
 b - a +0 animal skin
 h - a +0 scale mail
 j - a +1 cloak (melded)
 v - the +1 ring mail of Time Monsters (melded) {*Corrode +Inv rF+}
   (You found it on level 3 of the Dungeon)

   rF:        It protects you from fire.
   +Inv:      It lets you turn invisible.
   *Corrode:  It may corrode you when you take damage.
Jewellery
 c - a +4 ring of evasion (left branch)
 g - an amulet of guardian spirit (around neck)
 m - a ring of poison resistance (right branch)
 p - a ring of ice
 s - a ring of willpower
Wands
 o - a wand of digging (1)
Scrolls
 e - a scroll of enchant weapon
 l - a scroll of teleportation
 q - a scroll of amnesia
 z - a scroll of noise
 B - a scroll of magic mapping {unknown}
Potions
 d - 3 potions of brilliance
 f - a potion of lignification
 k - 2 potions of flight


   Skills:
 + Level 5.0 Fighting
 * Level 6.0 Axes
 * Level 5.3 Armour
 + Level 3.8 Dodging


You had 5 spell levels left.
You didn't know any spells.
Your spell library was empty.

Dungeon Overview and Level Annotations

Branches:
Dungeon (5/15)
 Temple: D:4-7

Altars:
Fedhas
The Shining One


Innate Abilities, Weirdness & Mutations

You are a tree.
Your roots penetrate the ground, keeping you stationary.
You cannot be teleported.
You are immune to unholy pain and torment.
Your maximum health is greatly increased.
Your equipment is partially melded.
((You have a pair of horns on your head.))
((You reflexively headbutt those who attack you in melee.))
You are agile. (Dex +2)


Message History

You cannot move. (Use ctrl+direction or * direction to attack while stationary and confused.) It was a potion of mutation.
You feel extremely strange.
You feel stronger.
You feel weaker.
You feel agile.
The gnoll hits you from afar with a +0 spear.
* * * LOW HITPOINT WARNING * * *
The gnoll sergeant hits you but does no damage.
It was a potion of invisibility.
You fade into invisibility!
You feel less invigorated.
You feel less confused.
The gnoll sergeant hits you but does no damage.
The gnoll completely misses you.
It was a potion of attraction.
You feel attractive to monsters. The gnoll hits you but does no damage.
The gnoll sergeant hits you but does no damage.
The gnoll sergeant is attracted toward you.
The gnoll is attracted toward you. The gnoll sergeant blocks your attack.
The gnoll sergeant is heavily wounded.
The gnoll hits you but does no damage.
The gnoll sergeant hits you but does no damage.
You closely miss the gnoll sergeant.
You punch the gnoll sergeant, but do no damage.
The gnoll sergeant is heavily wounded.
You hit the gnoll.
Flame seeps out of the gnoll.
The gnoll is engulfed in blazing flames.
Trog accepts your kill.
The gnoll explodes!
The fiery explosion engulfs the gnoll!
Trog accepts your kill. The fiery explosion engulfs you!!
* * * LOW HITPOINT WARNING * * *
The fiery explosion engulfs the gnoll sergeant!!!
Trog accepts your kill.
The fiery explosion engulfs the gnoll!
Trog accepts your kill.
The gnoll explodes!
The gnoll sergeant explodes!
The fiery explosion engulfs you!
You die...

#### #..... #..
#.....
#.########+##.....
#.................
#..≈≈≈≈≈.≈≈≈≈≈.≈≈≈
#§.§###≈.≈###≈g≈##
#§§§# #≈.≈# #≈†≈#
#§○§###≈.≈###≈.≈##
#♣§§≈≈≈≈.≈≈≈≈≈)≈≈≈
#.................
#..≈≈≈≈≈.≈≈≈≈≈.≈≈≈
#<.≈###≈.≈###≈.≈##
#..≈# #≈.≈# #≈.≈#
#..≈###≈.≈###≈.≈#
#..≈≈≈≈≈.≈≈≈≈≈.≈≈≈
#.................
#..≈≈≈≈≈.≈≈≈≈≈.≈≈≈


There were no monsters in sight!

Vanquished Creatures
  A water moccasin (D:4)
  An ogre (D:4)
  A gnoll sergeant (D:5)
  Jessica (D:3)
  An iguana (D:5)
  2 orc wizards (D:3)
  6 adders
  5 gnolls
  A dart slug (D:3)
  8 orcs
  2 bats (D:2)
  11 endoplasms
  8 giant cockroaches
  5 goblins
  5 hobgoblins
  3 jackals
  2 quokkas
  8 ball pythons
  5 frilled lizards
  5 kobolds
  A rat (D:2)
82 creatures vanquished.

Vanquished Creatures (others)
  A plant (D:4)
1 creature vanquished.

Grand Total: 83 creatures vanquished

Notes
Turn   | Place    | Note
-------+----------+-------------------------------------------
     0 | D:1      | Linklo the Minotaur Berserker began the quest for the Orb.
     0 | D:1      | Reached XP level 1. HP: 19/19 MP: 0/0
   361 | D:1      | Noticed a golden eye
   362 | D:1      | Found a faded altar of an unknown god.
   365 | D:1      | Noticed an eye of devastation
   365 | D:1      | Noticed an eye of devastation
   365 | D:1      | Noticed a shining eye
   470 | D:1      | Reached XP level 2. HP: 21/27 MP: 1/1
  1217 | D:2      | Reached skill level 4 in Axes
  1270 | D:2      | Reached XP level 3. HP: 24/33 MP: 2/2
  1305 | D:2      | Reached ** piety under Trog
  1631 | D:2      | Found a glowing golden altar of the Shining One.
  2066 | D:3      | Reached XP level 4. HP: 40/40 MP: 3/3
  2090 | D:3      | HP: 3/60 [something (7)]
  2095 | D:3      | Reached XP level 5. HP: 4/47 MP: 1/4
  2419 | D:3      | Identified the +1 ring mail of Time Monsters {*Corrode +Inv
                  | rF+}
  2520 | D:3      | Reached skill level 5 in Axes
  2581 | D:3      | Found a blossoming altar of Fedhas.
  2615 | D:4      | Noticed an ogre
  2619 | D:4      | Killed an ogre
  2628 | D:4      | Noticed a water moccasin
  2636 | D:4      | Killed a water moccasin
  2637 | D:4      | Reached skill level 5 in Armour
  2637 | D:4      | Reached XP level 6. HP: 52/55 MP: 2/5
  3063 | D:3      | Noticed Jessica
  3067 | D:3      | Killed Jessica
  3296 | D:5      | Entered Level 5 of the Dungeon
  3302 | D:5      | Reached *** piety under Trog
  3324 | D:5      | Reached skill level 5 in Fighting
  3324 | D:5      | Reached skill level 6 in Axes
  3378 | D:5      | Gained mutation: Your muscles are strong. (Str +2) [potion
                  | of mutation]
  3378 | D:5      | Lost mutation: Your muscles are strong. (Str +2) [potion of
                  | mutation]
  3378 | D:5      | Gained mutation: You are agile. (Dex +2) [potion of
                  | mutation]
  3382 | D:5      | HP: 1/84 [spore (16)]
  3382 | D:5      | Killed by an exploding gnoll sergeant... ignited by their
                  | inner flame

Illustrated notes

Levels and vault maps discovered:
D:1:      shiori_arrival_elements, layout_basic,
          hellmonk_ecumenical_altar_watching_god, chequers_decorated_corner
D:2:      layout_rooms, basic_altar
D:3:      layout_basic, nicolae_overflow_hidden_temple,
          minmay_fractal_squares_diagonal_5, uniq_jessica
D:4:      cheibrodos_old_hovel, layout_loops_corners, grunt_ministairs_12,
          kennysheep_small_spiral, minmay_unequal
D:5:      layout_basic, gup_sewer_entry_pipe, ebering_ghost_disaster_area,
          serial_bayou_lagoon_a, kennysheep_boxes

Skill      XL: |  1  2  3  4  5  6 |
---------------+-------------------+-----
Axes           | 4 5 6 |  6.0
Armour         | 3 4 5 |  5.3
Fighting       | 4 5 |  5.0
Dodging        | 3 |  3.8

Action                   |  1- 3 |  4- 6 || total
-------------------------+-------+-------++-------
Melee: Hand axe          |    77 |    87 ||   164
       Headbutt          |    11 |    17 ||    28
       Punch             |     1 |     1 ||     2
Invok: Berserk           |       |     1 ||     1
Evoke: Wand              |       |     1 ||     1
  Use: Scroll            |     4 |     8 ||    12
       Potion            |       |     6 ||     6
Armor: Animal skin       |     2 |       ||     2
       Scale mail        |    22 |     4 ||    26
       Ring mail         |       |    18 ||    18
       Skin              |       |    32 ||    32
Dodge: Dodged            |    38 |    99 ||   137

Table legend: (Time is in decaauts)
 A = Elapsed time spent in this place.
 B = Non-inter-level travel time spent in this place.
 C = Inter-level travel time spent in this place.
 D = Time resting spent in this place.
 E = Time spent auto-exploring this place.
 F = Levels seen in this place.
 G = Mean time per level.
                   A        B        C        D        E       F      G
               +--------+--------+--------+--------+--------+-----+--------+
         Total |   3393 |   2281 |   1112 |    418 |   1237 |   5 |  678.6 |
       Dungeon |   3393 |   2281 |   1112 |    418 |   1237 |   5 |  678.6 |
               +--------+--------+--------+--------+--------+-----+--------+

Top non-repeatable levels by time:
     D:1: 1207 daAuts
     D:3: 825 daAuts
     D:2: 777 daAuts
     D:4: 497 daAuts
     D:5: 85 daAuts
